 Dungeon Crawl Stone Soup version 0.30-a0-634-g8abc85282e (webtiles) character file.

Game seed: 18305824827819561284

9186 Newt the Grappler (level 11, -1/86 HPs)
             Began as a Demonspawn Gladiator on Jan 14, 2023.
             Was a Priest of Hepliaklqana.
             Slain by a yak (11 damage)
             ... on level 3 of the Lair of Beasts.
             The game lasted 00:11:16 (11303 turns).

Newt the Grappler (Demonspawn Gladiator)           Turns: 11303, Time: 00:11:17

Health: -1/86      AC:  6    Str: 18    XL:     11   Next: 19%
Magic:  0/20       EV: 11    Int:  9    God:    Hepliaklqana [***...]
Gold:   620        SH:  0    Dex: 16    Spells: 11/22 levels left

rFire   x . .      SeeInvis .      - Unarmed
rCold   + + +      Faith    .    (shield currently unavailable)
rNeg    . . .      Spirit   +    (body armour currently unavailable)
rPois   +          Reflect  .    (helmet currently unavailable)
rElec   .          Harm     .    (cloak currently unavailable)
rCorr   +          Rampage  .    (gloves currently unavailable)
Will    .....                    (boots currently unavailable)
Stlth   ++                       x - amulet of regeneration
HPRegen 1.14/turn                g - ring of resist corrosion
MPRegen 0.34/turn                r - ring of poison resistance

@: about to teleport, ice-form, very slightly contaminated, slowed, studying
Spellcasting, very slow
A: freezing attack, amphibious, boosted hp, reduced essence, large, (claws 2),
demonic guardian 1, magic shield, magic regeneration, (sturdy frame 1)
a: End Transformation, Renounce Religion, Recall Ancestor, Ancestor Identity,
Transference


You were on level 3 of the Lair of Beasts.
You worshipped Hepliaklqana.
Hepliaklqana was most pleased with you.
You were a creature of crystalline ice.
You visited 2 branches of the dungeon, and saw 12 of its levels.

You collected 620 gold pieces.

Inventory:

Hand Weapons
 a - a +1 rapier of electrocution
 e - a +6 dire flail of venom (melded)
Missiles
 A - 4 javelins
Armour
 b - a +0 leather armour
 c - a +0 helmet (melded)
 s - a +1 cloak (melded)
 C - a +1 leather armour of cold resistance (melded)
Jewellery
 g - a ring of resist corrosion (left front paw)
 n - an amulet of magic regeneration
 r - a ring of poison resistance (right front paw)
 x - an amulet of regeneration (around neck)
 K - a ring of fire
 O - a ring of protection from fire
 P - a ring of flight
Wands
 d - a wand of mindburst (12)
 k - a wand of digging (4)
 y - a wand of flame (40)
 F - a wand of charming (11)
 G - a wand of quicksilver (10)
 R - a wand of polymorph (4)
Scrolls
 h - 5 scrolls of teleportation
 l - 3 scrolls of enchant weapon
 m - 2 scrolls of vulnerability
 q - 2 scrolls of enchant armour
 D - a scroll of silence
 E - a scroll of blinking {unknown}
 H - 2 scrolls of summoning {unknown}
 I - a scroll of fog {unknown}
 L - a scroll of noise {unknown}
 M - a scroll of poison {unknown}
 N - a scroll of magic mapping {unknown}
 Q - a scroll of identify
Potions
 f - 4 potions of heal wounds
 i - a potion of haste
 j - 2 potions of brilliance
 o - 3 potions of attraction
 p - a potion of invisibility
 t - a potion of lignification
 u - 3 potions of might
 v - 3 potions of degeneration {unknown}
 w - a potion of berserk rage {unknown}
 z - a potion of mutation {unknown}
 B - 2 potions of magic {unknown}
 J - 3 potions of curing {unknown}


   Skills:
 - Level 6.0 Fighting
 - Level 2.6 Short Blades
 - Level 6.0 Maces & Flails
 - Level 1.7 Throwing
 - Level 4.0 Armour
 - Level 3.5 Dodging
 - Level 3.0 Stealth
 - Level 8.0 Unarmed Combat
 - Level 6.0 Spellcasting
 + Level 5.5 Transmutations
 - Level 6.0 Ice Magic
 - Level 4.3 Invocations


You had 11 spell levels left.
You knew the following spells:

 Your Spells              Type           Power      Damage    Failure   Level
a - Frozen Ramparts       Ice            26%        1d4       5%          3
b - Ice Form              Ice/Tmut       13%        N/A       21%         4
c - Summon Ice Beast      Ice/Summ       8%         N/A       54%         4

Your spell library contained the following spells:

 Spells                   Type           Power      Damage    Failure   Level
 Freeze                   Ice            52%        1d6       1%          1
 Hailstorm                Conj/Ice       8%         3d4       19%         3
 Vhi's Electric Charge    Tloc/Air       4%         N/A       54%         3
 Yara's Violent Unravell  Hex/Tmut       3%         3d4       89%         5
 Passage of Golubria      Tloc           2%         N/A       91%         4
 Arcjolt                  Conj/Air       1%         1d11      99%         5
 Silence                  Hex/Air        1%         N/A       99%         5
 Enfeeble                 Hex            1%         N/A       100%        7
 Lehudib's Crystal Spear  Conj/Erth      1%         10d2      100%        8
 Maxwell's Capacitive Co  Air            1%         ∞         100%        8


Dungeon Overview and Level Annotations

Branches:
Dungeon (9/15)             Temple (0/1) D:6            Lair (3/5) D:8
 Shoals (0/4) Lair:2
  Snake: Lair:2-3    Spider: Lair:2-3       Orc: D:9-12

Altars:
Cheibriados
Hepliaklqana
Kikubaaqudgha
Makhleb
Okawaru
Qazlal
Vehumet
Xom

Shops:
D:1 (   D:4 *   D:6 (

Annotations:
D:6 1 runed translucent door, bmack86's ghost, novice MiFi


Innate Abilities, Weirdness & Mutations

You are a creature of crystalline ice.
You have a powerful freezing melee attack.
You are amphibious.
Your maximum health is increased.
Your armour is entirely melded.
You are incapable of wielding weapons or throwing items.
Your life essence is reduced to manifest your ancestor. (-10% HP)
((You have very sharp fingernails.))
A weak demonic guardian rushes to your aid.
When hurt, damage is shared between your health and your magic reserves.
You regenerate magic rapidly.
((Your movements are slightly less encumbered by armour. (ER -2)))


Message History

Your +1 leather armour of cold resistance melds into your body.
Your +6 dire flail of venom stops dripping with poison.
You feel less resistant to cold.
The bullfrog hits you but does no damage.
The yak gores you. x2
The dream sheep shake their wool and sparkle.
You feel drowsy...
You fall asleep.
The yak gores you but does no damage. The bullfrog hits you!
You wake up.
A demonic guardian appears!
Casting: Ice Form (dangerous; 21% risk of failure)
Confirm with . or Enter, or press ? or * to list all spells.
You miscast Summon Ice Beast.
You are very lightly contaminated with residual magic.
A fistful of eyes flickers past your view.
A nameless horror comes into view.
The bullfrog hits you.
Your ufetubus hits the nameless horror but does no damage. x2
The yak gores you but does no damage. The yak closely misses you.
The yak gores you. The yak gores you! The bullfrog hits you.
Your ufetubus hits the nameless horror but does no damage. x2
The yak misses you. The yak gores you.
* * * LOW HITPOINT WARNING * * *
The yak gores you!
* * * LOW HITPOINT WARNING * * *
The yak gores you but does no damage.
Attack: -) Ice paws
Press: ? - help, Dir - move target, f - nameless horror
Aim: a nameless horror (durably summoned, about 3% to evade your front paws)
Okay, then.
As you read the scroll of teleportation, it crumbles to dust.
You feel strangely unstable.
The bullfrog hits you but does no damage.
The bullfrog hits you.
* * * LOW HITPOINT WARNING * * *
Your ufetubus hits the nameless horror.
Your ufetubus hits the nameless horror but does no damage.
The yak gores you.
* * * LOW HITPOINT WARNING * * *
The yak gores you!
You die...

. .# ##+.
#######.... #
##.8.#.?.##...
#....Y#FY.....
#8.<.XYYYY8...
#...5.YYF.$...
#..8.##Sw...#.
###### #.(...#
#...#. ....#
.... ..#.


You could see a torpor snail, a nameless horror, 5 yaks, a cane toad, a water
moccasin, a bullfrog, 2 dream sheep and a friendly ufetubus (summoned, slow).

Vanquished Creatures
  A two-headed ogre (D:5)
  A komodo dragon (Lair:1)
  A rime drake (D:8)
  A polar bear (Lair:1)
  A hornet (D:8)
  2 blink frogs (Lair:1)
  2 yaks
  Eustachio (D:6)
  A wyvern (D:8)
  An acid dragon (D:8)
  7 water moccasins
  2 ice beasts (D:8)
  An orc warrior (D:8)
  A sky beast (D:6)
  6 centaurs
  2 ogres
  5 wolves
  2 gnoll sergeants
  A kobold brigand (D:6)
  4 bullfrogs
  2 necrophages (D:4)
  A scorpion (D:5)
  6 wights
  A howler monkey (D:7)
  3 orc priests
  3 hounds
  A jelly (D:5)
  Ijyb (D:4)
  A gnoll bouda (D:7)
  Natasha (thrice) (D:4)
  4 iguanas
  4 orc wizards
  Robin (D:4)
  11 adders
  13 gnolls
  A white imp (D:8)
  An ufetubus (D:7)
  A worm (D:2)
  7 dart slugs
  13 orcs
  12 ball pythons
  7 bats
  5 endoplasms
  3 giant cockroaches
  15 goblins
  8 hobgoblins
  6 jackals
  13 kobolds
  3 quokkas
  2 frilled lizards
  4 rats
199 creatures vanquished.

Vanquished Creatures (collateral kills)
  A cane toad (Lair:1)
  A rime drake (Lair:2)
  A komodo dragon (Lair:2)
  A hornet (D:8)
  2 blink frogs (Lair:1)
  3 yaks (D:7)
  An orc warrior (D:8)
  A sky beast (D:8)
  4 wolves
  A bullfrog (D:8)
  A howler monkey (D:8)
  A crimson imp (D:8)
  An orc priest (D:8)
  An iguana (D:7)
  4 orc wizards
  A gnoll (D:7)
  2 white imps (D:8)
  3 orcs
30 creatures vanquished.

Vanquished Creatures (others)
  A battlemage (Lair:3)
  An ancestor (D:7)
  5 fungi (D:4)
  3 plants
10 creatures vanquished.

Grand Total: 239 creatures vanquished

Notes
Turn   | Place    | Note
-------+----------+-------------------------------------------
     0 | D:1      | Newt the Demonspawn Gladiator began the quest for the Orb.
     0 | D:1      | Reached XP level 1. HP: 16/16 MP: 1/1
   119 | D:1      | Reached skill level 1 in Stealth
   225 | D:1      | Gained mutation: You have sharp fingernails. [demonic
                  | ancestry]
   225 | D:1      | Reached XP level 2. HP: 22/22 MP: 2/2
   391 | D:1      | Found Qeryum's Weapon Boutique.
   428 | D:1      | Reached XP level 3. HP: 23/27 MP: 3/3
   567 | D:1      | You fall into a shaft and drop 1 floor!
  1613 | D:2      | Gained mutation: Your movements are slightly less
                  | encumbered by armour. (ER -2) [demonic ancestry]
  1613 | D:2      | Reached XP level 4. HP: 34/34 MP: 4/4
  2442 | D:4      | Noticed a necrophage
  2454 | D:4      | Killed a necrophage
  2455 | D:4      | Gained mutation: You have very sharp fingernails. [demonic
                  | ancestry]
  2455 | D:4      | Reached XP level 5. HP: 38/42 MP: 5/5
  2486 | D:4      | Reached skill level 1 in Unarmed Combat
  2492 | D:4      | Reached skill level 2 in Unarmed Combat
  2492 | D:4      | Reached XP level 6. HP: 19/48 MP: 6/6
  2600 | D:4      | Found Fivvi's Fire Supplies.
  2678 | D:4      | Noticed Robin
  2809 | D:4      | Killed Robin
  2964 | D:4      | Found a radiant altar of Vehumet.
  2966 | D:4      | Noticed Natasha
  2987 | D:4      | Killed Natasha
  2993 | D:4      | Reached skill level 3 in Unarmed Combat
  3128 | D:4      | Noticed Ijyb
  3148 | D:4      | Killed Ijyb
  3347 | D:4      | Noticed Natasha
  3351 | D:4      | Killed Natasha
  3352 | D:4      | Reached skill level 4 in Unarmed Combat
  3357 | D:4      | Reached XP level 7. HP: 33/54 MP: 7/7
  3434 | D:4      | Found a shimmering altar of Xom.
  3661 | D:4      | Noticed Natasha
  3679 | D:4      | Killed Natasha
  3777 | D:5      | Entered Level 5 of the Dungeon
  3882 | D:4      | Reached skill level 5 in Unarmed Combat
  4313 | D:5      | Found an iron altar of Okawaru.
  4441 | D:5      | Noticed a two-headed ogre
  4448 | D:5      | Killed a two-headed ogre
  4449 | D:5      | Reached skill level 7 in Unarmed Combat
  4449 | D:5      | Reached XP level 8. HP: 23/60 MP: 8/8
  4619 | D:5      | Reached skill level 8 in Unarmed Combat
  4793 | D:5      | Reached skill level 1 in Armour
  5423 | D:5      | Found a stormy altar of Qazlal.
  5423 | D:5      | Found a hazy altar of Hepliaklqana.
  5428 | D:5      | Became a worshipper of Hepliaklqana the Forgotten
  5455 | D:6      | Identified a scroll of acquirement
  5455 | D:6      | Acquired a +6 dire flail of venom
  5527 | D:6      | Found a runed translucent door.
  5532 | D:6      | Noticed bmack86's ghost (novice MiFi)
  5634 | D:6      | Reached skill level 1 in Maces & Flails
  5895 | D:6      | Gained mutation: A weak demonic guardian rushes to your
                  | aid. [demonic ancestry]
  5895 | D:6      | Reached XP level 9. HP: 58/65 MP: 9/9
  5915 | D:6      | Found a staircase to the Ecumenical Temple.
  5963 | D:6      | Noticed Eustachio
  5980 | D:6      | Killed Eustachio
  6396 | D:6      | Found Vuops's Weapon Boutique.
  6617 | D:7      | Reached * piety under Hepliaklqana
  6635 | D:7      | Reached skill level 5 in Maces & Flails
  6813 | D:7      | Found a burning altar of Makhleb.
  7019 | D:7      | Found a shimmering altar of Xom.
  7637 | D:7      | Reached skill level 5 in Fighting
  7810 | D:8      | Found an ancient bone altar of Kikubaaqudgha.
  7824 | D:8      | Reached skill level 5 in Spellcasting
  7824 | D:8      | Gained mutation: You regenerate magic rapidly. [demonic
                  | ancestry]
  7824 | D:8      | Reached XP level 10. HP: 40/68 MP: 15/17
  8243 | D:8      | Reached ** piety under Hepliaklqana
  8247 | D:8      | Remembered your ancestor Nefertari as a battlemage
  8253 | D:8      | Reached skill level 1 in Ice Magic
  8257 | D:8      | Learned a level 3 spell: Frozen Ramparts
  8259 | D:8      | Found a staircase to the Lair.
  8266 | D:8      | Reached skill level 1 in Invocations
  8782 | D:8      | Found a burning altar of Makhleb.
  8952 | D:8      | Found a snail-covered altar of Cheibriados.
  9619 | Lair:1   | Entered Level 1 of the Lair of Beasts
  9633 | Lair:1   | Reached skill level 5 in Ice Magic
  9638 | Lair:1   | Learned a level 4 spell: Ice Form
  9643 | Lair:1   | Learned a level 4 spell: Summon Ice Beast
  9701 | Lair:1   | Noticed a cane toad
  9708 | Lair:1   | Killed a cane toad
  9822 | Lair:1   | Reached skill level 1 in Transmutations
 10012 | Lair:1   | Gained mutation: When hurt, damage is shared between your
                  | health and your magic reserves. [demonic ancestry]
 10012 | Lair:1   | Reached XP level 11. HP: 68/72 MP: 18/20
 10720 | Lair:2   | Found a staircase to the Shoals.
 10741 | Lair:2   | Reached *** piety under Hepliaklqana
 10812 | Lair:2   | Reached skill level 5 in Transmutations
 11302 | Lair:3   | Noticed a nameless horror
 11303 | Lair:3   | Slain by a yak

Illustrated notes

Levels and vault maps discovered:
D:1:      lightli_arrival_lavapool, layout_loops_cross, serial_shops,
          nicolae_shop_advertising_works [nicolae_subvault_shop_adworks],
          chequers_serial_rivers_micro_c, minmay_pentomino_s4
D:2:      layout_basic, amethyst_killhole, hangedman_decor_lopped
D:3:      layout_loops_ring
D:4:      layout_loops_ring, mainiacjoe_overflow_boulevard, tgw_xom,
          nicolae_shop_fire_sale [nicolae_sub_dead_trees],
          kennysheep_generic_room_15, uniq_natasha, uniq_ijyb, uniq_robin
D:5:      layout_basic, okawaru_trees_2, gammafunk_temple_overflow_statue,
          minmay_manual_monolith
D:6:      layout_gridville, minmay_temple_entry_statues_fountains, serial_shops,
          nicolae_shop_waterfront, ebering_ghost_sewer_d,
          hangedman_decor_slide_cut, uniq_eustachio
D:7:      layout_basic, hangedman_feature_mirror
D:8:      minmay_razor_zed, layout_layer_cave, makhleb_grotto_becter,
          mainiacjoe_overflow_six_doors_small, general_overflow_altar,
          hellmonk_lair_entry_icy, mrwooster_statue_mirror,
          kennysheep_generic_room_7
D:9:      layout_roguey, uniq_erolcha
Lair:1:   layout_loops_ring, serial_bayou_crossing
Lair:2:   layout_regular_city, elwin_shoals_entry_rocks
Lair:3:   layout_loops_ring, guppyfry_snake_entry_garden, grunt_megastairs_1

Skill      XL: |  1  2  3  4  5  6  7  8  9 10 11 |
---------------+----------------------------------+-----
Stealth        | 1 2 3 |  3.0
Fighting       | 4 6 |  6.0
Dodging        | 3 |  3.5
Unarmed Combat | 2 4 7 8 |  8.0
Armour         | 4 |  4.0
Maces & Flails | 2 6 |  6.0
Spellcasting   | 5 6 |  6.0
Ice Magic      | 6 |  6.0
Invocations    | 4 |  4.3
Transmutations | 3 5 |  5.5
Short Blades   | |  2.6
Throwing       | |  1.7

Action                   |  1- 3 |  4- 6 |  7- 9 | 10-12 || total
-------------------------+-------+-------+-------+-------++-------
Melee: Rapier            |   105 |   180 |   153 |       ||   438
       Punch             |     4 |     4 |    10 |       ||    18
       Dire flail        |       |       |   163 |   128 ||   291
       Unarmed           |       |       |       |    12 ||    12
Throw: Javelin           |       |     1 |     1 |       ||     2
       Throwing net      |       |     3 |     2 |       ||     5
 Cast: Frozen Ramparts   |       |       |       |     1 ||     1
       Ice Form          |       |       |       |     2 ||     2
Invok: Ancestor Life: Ba |       |       |       |     1 ||     1
  Use: Scroll            |     4 |       |     5 |     3 ||    12
       Potion            |       |       |     1 |     3 ||     4
 Stab: Sleeping          |     5 |     5 |     7 |     3 ||    20
       Held in net/web   |       |     1 |     1 |       ||     2
       Distracted        |       |       |     2 |     6 ||     8
Armor: Leather armour    |    39 |    60 |   122 |    41 ||   262
       Skin              |       |       |       |    16 ||    16
Dodge: Dodged            |    80 |   142 |   266 |   141 ||   629

Table legend: (Time is in decaauts)
 A = Elapsed time spent in this place.
 B = Non-inter-level travel time spent in this place.
 C = Inter-level travel time spent in this place.
 D = Time resting spent in this place.
 E = Time spent auto-exploring this place.
 F = Levels seen in this place.
 G = Mean time per level.
                   A        B        C        D        E       F      G
               +--------+--------+--------+--------+--------+-----+--------+
         Total |  11380 |  11084 |    296 |   2136 |   7312 |  12 |  948.3 |
       Dungeon |   9688 |   9418 |    270 |   2057 |   5909 |   9 | 1076.4 |
          Lair |   1691 |   1665 |     26 |     79 |   1403 |   3 |  563.7 |
               +--------+--------+--------+--------+--------+-----+--------+

Top non-repeatable levels by time:
     D:8: 1917 daAuts
     D:4: 1732 daAuts
     D:5: 1333 daAuts
     D:6: 1181 daAuts
     D:7: 1085 daAuts
     D:1: 933 daAuts
  Lair:1: 889 daAuts
     D:2: 793 daAuts
  Lair:2: 786 daAuts
     D:3: 709 daAuts
  Lair:3: 15 daAuts
     D:9: 1 daAuts
